AoeStats
← 文風

Black Forest

506474536Analyzed
1v1 RM · 18d ago on Sep 13, 2026· 18m 50s· 2 players
Game mode
Random Map
Map size
Tiny (2 player)
Population
200
Speed
Normal
Resources
Standard
Victory
Conquest
Starting age
Dark Age
Ending age
Imperial Age
RankedLock teamsTeams togetherTeam positionsShared explorationLock speedFull tech treeHidden civsTurbo modeCheats
Victory
Defeat
🇭🇰 Turks · Hong Kong SAR China
1415
+16
🇧🇴 Sicilians · Bolivia
1408
-16
009
0:38 Loom
10:35 Feudal Age
15:08 Town Watch
18:21 Horse Collar
文風
1:12 Loom
13:04 Feudal Age
17:30 Castle Age
16:51 Double-Bit Axe
Connection lost

Rejoining the realm…

Still unreachable

The connection could not be restored.

Session expired

The server has moved on; the page needs a fresh start.